 Dungeon Crawl Stone Soup version 0.29-a0-271-gd4eb659eea (webtiles) character file.

Game seed: 15864670963069257903

81 n8rtot the Ducker (level 4, -4/21 HPs)
             Began as a Felid Berserker on Mar 8, 2022.
             Was a Priest of Trog.
             Slain by a sky beast (6 damage)
             ... on level 4 of the Dungeon.
             The game lasted 00:10:25 (4135 turns).

n8rtot the Ducker (Felid Berserker)                 Turns: 4135, Time: 00:10:26

Health: -4/21      AC:  1    Str: 15    XL:     4   Next: 20%
Magic:  5/5        EV: 19    Int:  8    God:    Trog [***...]
Gold:   136        SH:  0    Dex: 15    Spells: 3/3 levels left
                                        Lives:  0   Deaths: 1

rFire   . . .      SeeInvis +     - Unarmed
rCold   . . .      Faith    .   (shield unavailable)
rNeg    . . .      Spirit   .   (body armour unavailable)
rPois   .          Reflect  .   (helmet unavailable)
rElec   .          Harm     .   (cloak unavailable)
rCorr   .          Rampage  .   (gloves unavailable)
Will    .....                   (boots unavailable)
Stlth   ++........              (no amulet)
HPRegen 0.07/turn               (no ring)
MPRegen 0.09/turn               (no ring)

@: quick
A: very small, claws 1, fangs 3, see invisible, speed 1, shaggy fur 1, stealthy
paws, no weapons or thrown items, no armour, multi-lived
a: Renounce Religion, Berserk, Trog's Hand


You were on level 4 of the Dungeon.
You worshipped Trog.
Trog was most pleased with you.
You visited 1 branch of the dungeon, and saw 4 of its levels.

You collected 136 gold pieces.

Inventory:

Missiles
 h - 113 stones
 j - 3 poisoned darts
Scrolls
 c - 2 scrolls of teleportation
 d - 3 scrolls of identify {unknown}
 e - a scroll of blinking {unknown}
 i - 2 scrolls of fog {unknown}
 k - a scroll of amnesia {unknown}
 l - a scroll of holy word {unknown}
 m - a scroll of torment {unknown}
Potions
 a - a potion of invisibility {unknown}
 b - a potion of curing {unknown}
 f - a potion of haste {unknown}
 g - a potion of heal wounds {unknown}


   Skills:
 + Level 3.5 Fighting
 + Level 5.1 Dodging
 + Level 1.8 Stealth
 + Level 4.6 Unarmed Combat


You had 3 spell levels left.
You didn't know any spells.
Your spell library was empty.

Dungeon Overview and Level Annotations

Branches:
Dungeon (4/15)
 Temple: D:4-7

Altars:
The Shining One

Annotations:
D:3 Grinder, Jessica


Innate Abilities, Weirdness & Mutations

You have sharp claws.
You have razor-sharp teeth.
You have supernaturally acute eyesight. (SInv)
You cover ground quickly. (Speed+)
You are covered in fur. (AC +1)
Your paws help you pounce on unaware monsters.
You are incapable of wielding weapons or throwing items.
You cannot wear armour.
You gain extra lives every three experience levels.


Message History

You scratch the orc.
The orc is severely wounded.
The orc completely misses you.
You claw the orc!
You kill the orc!
Trog accepts your kill. The sky beast attacks as you move away!
The sky beast closely misses you. The sky beast attacks as you move away!
The sky beast completely misses you.
The sky beast flickers out of sight for a moment.
The orc throws a boomerang.
The boomerang barely misses the sky beast.
The boomerang hits you but does no damage.
The sky beast flickers out of sight for a moment.
The orc throws a boomerang.
The boomerang closely misses the sky beast.
The boomerang closely misses you.
The sky beast hits you but does no damage.
You closely miss the sky beast. You claw the sky beast!
You bite the sky beast, but do no damage.
The sky beast is moderately wounded.
The sky beast flickers out of sight for a moment.
The sky beast barely misses you.
You barely miss the sky beast. You bite the sky beast.
The sky beast is heavily wounded.
The orc throws a boomerang.
The boomerang hits the sky beast.
The sky beast hits you. The sky beast shocks you.
* * * LOW HITPOINT WARNING * * *
You closely miss the sky beast. You claw the sky beast.
The sky beast is severely wounded.
The sky beast closely misses you.
You closely miss the sky beast.
The sky beast is severely wounded.
The sky beast hits you but does no damage.
You scratch the sky beast.
The sky beast is severely wounded.
The sky beast hits you.
* * * LOW HITPOINT WARNING * * *
The sky beast shocks you.
You die...

#.#
#.#
#Y#
#.#
#.#
#.#
#.####
#.oY.#
####@#
#.#
###


You could see a sky beast and an orc.

Vanquished Creatures
  A gnoll (D:1)
  5 adders
  A worm (D:2)
  A dart slug (D:2)
  4 orcs
  8 endoplasms
  A giant cockroach (D:3)
  3 goblins
  5 hobgoblins
  9 jackals
  20 kobolds
  A quokka (D:2)
  7 ball pythons
  5 bats
  3 frilled lizards
  8 rats
82 creatures vanquished.

Notes
Turn   | Place    | Note
-------+----------+-------------------------------------------
     0 | D:1      | n8rtot the Felid Berserker began the quest for the Orb.
     0 | D:1      | Reached XP level 1. HP: 10/10 MP: 2/2
   158 | D:1      | Reached XP level 2. HP: 14/14 MP: 3/3
   813 | D:1      | Reached XP level 3. HP: 7/17 MP: 4/4
  1217 | D:1      | Reached ** piety under Trog
  1856 | D:2      | Found a faded altar of an unknown god.
  2060 | D:2      | Reached XP level 4. HP: 16/21 MP: 5/5
  2186 | D:2      | Found a glowing golden altar of the Shining One.
  2652 | D:3      | Reached skill level 1 in Stealth
  2687 | D:3      | Reached skill level 5 in Dodging
  3320 | D:3      | Noticed Grinder
  3323 | D:3      | Noticed Jessica
  3587 | D:3      | Paralysed by Grinder for 2 turns
  3589 | D:3      | Slain by Grinder
  3590 | D:3      | Reached XP level 3. HP: 0/17 MP: 4/4
  3603 | D:3      | Reached *** piety under Trog
  3613 | D:3      | Reached XP level 4. HP: 16/21 MP: 5/5
  3662 | D:3      | Noticed a kobold brigand
  4063 | D:4      | Noticed a sky beast
  4135 | D:4      | Slain by a sky beast

Illustrated notes

Levels and vault maps discovered:
D:1:      spicycebolla_arrival_xxxplode, layout_basic
D:2:      layout_rooms, basic_ecumenical_altar, basic_altar, feat_on_display
D:3:      cheibrodos_thug_alley, layout_basic, uniq_grinder, uniq_jessica
D:4:      layout_loops_ring, grunt_temple_overflow_order_and_chaos_1,
          grunt_temple_overflow_open, kennysheep_orc_chapel

Skill      XL: |  1  2  3  4 |
---------------+-------------+-----
Unarmed Combat | 4 |  4.6
Stealth        | 1 |  1.8
Dodging        | 5 |  5.1
Fighting       | |  3.5

Action                   |  1- 3 |  4- 6 || total
-------------------------+-------+-------++-------
Melee: Unarmed           |   118 |   108 ||   226
       Bite              |    10 |    11 ||    21
       Punch             |     2 |     5 ||     7
  Use: Scroll            |       |     1 ||     1
 Stab: Sleeping          |     1 |     1 ||     2
Armor: Skin              |    10 |     6 ||    16
Dodge: Dodged            |   101 |    88 ||   189

Table legend: (Time is in decaauts)
 A = Elapsed time spent in this place.
 B = Non-inter-level travel time spent in this place.
 C = Inter-level travel time spent in this place.
 D = Time resting spent in this place.
 E = Time spent auto-exploring this place.
 F = Levels seen in this place.
 G = Mean time per level.
                   A        B        C        D        E       F      G
               +--------+--------+--------+--------+--------+-----+--------+
         Total |   3761 |   3761 |      0 |   1907 |    997 |   4 |  940.2 |
       Dungeon |   3761 |   3761 |      0 |   1907 |    997 |   4 |  940.2 |
               +--------+--------+--------+--------+--------+-----+--------+

Top non-repeatable levels by time:
     D:1: 1347 daAuts
     D:2: 1086 daAuts
     D:3: 1026 daAuts
     D:4: 301 daAuts
